 Dungeon Crawl Stone Soup version 0.20.1-1-g8b1a95d (webtiles) character file.

814 Ymberti the Slasher (level 7, -6/61 HPs)
             Began as a Hill Orc Fighter on Oct 2, 2017.
             Was an Initiate of Beogh.
             Mangled by an ogre
             ... wielding a +0 giant club
              (22 damage)
             ... on level 4 of the Dungeon.
             The game lasted 00:10:39 (3605 turns).

Ymberti the Slasher (Hill Orc Fighter)              Turns: 3605, Time: 00:10:40

Health: -6/61      AC: 10    Str: 21    XL:     7   Next: 93%
Magic:  7/7        EV:  8    Int:  8    God:    Beogh [......]
Gold:   240        SH: 10    Dex: 10    Spells: 6/6 levels left

rFire    . . .     SeeInvis .   a - +0 long sword
rCold    . . .     Gourm    .   c - +0 shield
rNeg     . . .     Faith    .   b - +0 scale mail
rPois    .         Spirit   .   (no helmet)
rElec    .         Reflect  .   (no cloak)
rCorr    .         Harm     +   (no gloves)
MR       .....                  t - +2 pair of boots
Stlth    ..........             q - amulet of harm
Regen    0.2/turn               s - ring of flight
MPRegen  0.1/turn               (no ring)

@: no status effects
A: no striking features
a: Renounce Religion, Evoke Flight


You were on level 4 of the Dungeon.
You worshipped Beogh.
Beogh was noncommittal.
You were not hungry.

You visited 1 branch of the dungeon, and saw 4 of its levels.
You also visited: Sewer.

You collected 240 gold pieces.

Inventory:

Hand Weapons
 a - a +0 long sword (weapon)
Armour
 b - a +0 scale mail (worn)
 c - a +0 shield (worn)
 t - a +2 pair of boots (worn)
Jewellery
 q - an amulet of harm (around neck)
 s - a ring of flight (left hand)
Wands
 y - a wand of lightning (9/15)
Scrolls
 d - 3 scrolls of random uselessness {unknown}
 e - 2 scrolls of teleportation {unknown}
 g - a scroll of enchant weapon {unknown}
 m - 3 scrolls of remove curse {unknown}
 n - a scroll of fog {unknown}
 o - a scroll of amnesia {unknown}
 r - a scroll of enchant armour {unknown}
Potions
 j - 3 potions of ambrosia
 k - a potion of invisibility
 l - a potion of haste {unknown}
 p - a potion of curing
 u - 3 potions of agility
 v - a potion of flight
 w - a potion of might
 x - a potion of brilliance
Books
 i - a book of Cantrips

   Spells                             Type                      Level
   a - Confusing Touch                Hexes                        1
   b - Animate Skeleton               Necromancy                   1
   c - Summon Small Mammal            Summoning                    1
   d - Apportation                    Translocation                1
Comestibles
 f - 2 bread rations
 h - 3 royal jellies
 z - 4 fruits


   Skills:
 + Level 5.3 Fighting
 + Level 6.1 Long Blades
 + Level 5.4 Armour
 + Level 1.2 Dodging
 + Level 0.6 Stealth
 + Level 5.2 Shields


You had 6 spell levels left.
You didn't know any spells.

Dungeon Overview and Level Annotations

Branches:
Dungeon (4/15)
 Temple: D:4-7

Altars:
Dithmenos
Gozag
Hepliaklqana
Vehumet
Xom

Shops:
D:4 [


Message History

The orc wizard closely misses the frilled lizard.
The frilled lizard bites you but does no damage.
The ogre hits you with a giant club!!
You barely miss the ogre.
The ogre is heavily wounded.
The orc wizard closely misses the frilled lizard.
You block the frilled lizard's attack. The ogre hits you with a giant club!!
* * * LOW HITPOINT WARNING * * *
The frilled lizard bites you but does no damage.
The orc wizard gestures wildly while chanting.
The orc wizard blinks!
The orc wizard casts a spell.
The orc wizard blinks!
The orc wizard points at the frilled lizard and mumbles some strange words.
The magic dart hits the frilled lizard.
The frilled lizard dies!
Okay, then.
It was a potion of curing.
You feel better. The ogre hits you with a giant club!!
You die...

........## ##..##..###..#
#.#
.........###..####..##..#
#.#### ##.......##..##
#.####.# #....#
####.....#..## ##.# #.#
##...## .####.......###
#.# #.###§...§#
).#.#.........# ###
#.##§§...§§
))..#.###.#####
#.#§.§..§§§
.)..#.#...#...#######
#..§§§.....
##..#####.###..#@#..#
#.....§_...
#.......#.#.#..O#...#
#.§.§§§.§.§
#...#.##'##.#....####
###§§§§§§§.
....#.#.#.....####
##§§§§§§. ....###.#####.#
##§§.§§# .#... #. #.#
##.§.## .#### #. #.#
#.§... # .. #†# ###### #
## ##.#


You could see an ogre.

Vanquished Creatures
  The ghost of Endymion the Ducker, an amateur SpSk (D:4)
  A sky beast (D:4)
  The ghost of Ymberti the Shield-Bearer, an amateur HOFi (D:3)
  An ogre (D:4)
  2 big kobolds (Sewer)
  A scorpion (D:4)
  A worker ant (D:4)
  4 gnolls (D:4)
  8 adders
  2 oozes (Sewer)
  7 worms
  5 dart slugs
  A leopard gecko (D:4)
  A ball python (Sewer)
  4 giant cockroaches
  7 goblins
  7 hobgoblins
  9 jackals
  5 quokkas
  11 bats
  10 frilled lizards
  16 kobolds
  8 rats
113 creatures vanquished.

Vanquished Creatures (others)
  An orc priest (D:4)
  A frilled lizard (D:4)
2 creatures vanquished.

Grand Total: 115 creatures vanquished

Notes
Turn   | Place    | Note
-------+----------+-------------------------------------------
     0 | D:1      | Ymberti the Hill Orc Fighter began the quest for the Orb.
     0 | D:1      | Reached XP level 1. HP: 19/19 MP: 1/1
   408 | D:1      | Reached XP level 2. HP: 26/27 MP: 2/2
   762 | D:1      | Reached XP level 3. HP: 28/33 MP: 3/3
   964 | D:2      | Reached skill level 3 in Long Blades
   991 | D:2      | Found an opulent altar of Gozag.
  1018 | D:2      | Reached XP level 4. HP: 40/40 MP: 4/4
  1343 | D:3      | Found a faded altar of an unknown god.
  1373 | D:3      | Reached XP level 5. HP: 32/47 MP: 5/5
  1451 | D:3      | Reached skill level 4 in Long Blades
  1507 | D:3      | Found a radiant altar of Vehumet.
  1531 | D:3      | Noticed Ymberti's ghost (amateur HOFi)
  1571 | D:3      | Killed Ymberti's ghost
  1682 | D:3      | Found a glowing drain.
  1688 | Sewer    | Entered a sewer
  1789 | Sewer    | Reached XP level 6. HP: 51/53 MP: 6/6
  2630 | D:4      | Found Hompuel's Antique Armour Shoppe.
  2666 | D:4      | Reached skill level 5 in Fighting
  2687 | D:4      | Reached skill level 5 in Long Blades
  2687 | D:4      | Reached XP level 7. HP: 50/61 MP: 7/7
  3041 | D:4      | Reached skill level 5 in Armour
  3084 | D:4      | Reached skill level 1 in Dodging
  3084 | D:4      | Reached skill level 5 in Shields
  3268 | D:4      | Found a shadowy altar of Dithmenos.
  3292 | D:4      | Found a shimmering altar of Xom.
  3293 | D:4      | Found a hazy altar of Hepliaklqana.
  3294 | D:4      | Noticed a spectral ugly thing
  3392 | D:4      | Noticed Endymion's ghost (amateur SpSk)
  3413 | D:4      | Killed Endymion's ghost
  3413 | D:4      | Reached skill level 6 in Long Blades
  3580 | D:4      | Became a worshipper of Beogh the Brigand
  3593 | D:4      | HP: 3/61 [ogre/giant club (30)]
  3605 | D:4      | Mangled by an ogre

Skill      XL: |  1  2  3  4  5  6  7 |
---------------+----------------------+-----
Fighting       | 4 5 |  5.3
Long Blades    | 3 4 5 6 |  6.1
Armour         | 4 5 |  5.4
Shields        | 4 5 |  5.2
Dodging        | 1 |  1.2
Stealth        | |  0.6

Action                   |  1- 3 |  4- 6 |  7- 9 || total
-------------------------+-------+-------+-------++-------
Melee: Long sword        |   118 |   206 |    90 ||   414
Invok: Convert to Beogh  |       |       |     1 ||     1
  Use: Scroll            |     2 |     3 |     1 ||     6
       Potion            |       |     2 |     5 ||     7
 Stab: Invisible         |       |     2 |     1 ||     3
  Eat: Royal jelly       |     1 |       |     1 ||     2
       Bread ration      |     1 |       |       ||     1
       Fruit             |       |       |     4 ||     4
Armor: Scale mail        |    83 |   116 |    43 ||   242
Dodge: Dodged            |    47 |    73 |    25 ||   145
Block: Shield            |    68 |   109 |    37 ||   214
       Rpst.: Long sword |    21 |    26 |     9 ||    56
